 Dungeon Crawl Stone Soup version 0.31-a0-691-g409c26aa35 (webtiles) character file.

Game seed: 6979808304265777151

10033 qw the Skirmisher (level 11, -3/72 HPs)
             Began as a Gargoyle Hunter on Sept 6, 2023.
             Was a Priest of Okawaru.
             Slain by a komodo dragon (17 damage)
             ... on level 1 of the Lair of Beasts.
             The game lasted 00:04:23 (9510 turns).

qw the Skirmisher (Gargoyle Hunter)                 Turns: 9510, Time: 00:04:24

Health: -3/72      AC: 16    Str: 22    XL:     11   Next: 55%
Magic:  13/14      EV: 17    Int:  9    God:    Okawaru [***...]
Gold:   495        SH:  0    Dex: 17    Spells: 10/10 levels left

rFire   . . .        Y - +2 orcbow
rCold   . . .        (shield currently unavailable)
rNeg    + + +        p - +2 leather armour {rN+}
rPois   inf          (no helmet)
rElec   +            g - +1 cloak
rCorr   .            (no gloves)
SInv    .            (no boots)
Will    .....        (no amulet)
Stlth   +++          k - ring of positive energy
HPRegen 0.32/turn    a - +6 ring of strength
MPRegen 0.14/turn

%: no passive effects
@: heroic
A: sickness immunity, AC +8, negative energy resistance 1, electricity
resistance, torment resistance 1, petrification resistance, hooves 1
a: Renounce Religion, Heroism


You were on level 1 of the Lair of Beasts.
You worshipped Okawaru.
Okawaru was most pleased with you.
You visited 3 branches of the dungeon, and saw 11 of its levels.

You collected 567 gold pieces.
You spent 72 gold pieces at shops.


Innate Abilities, Weirdness & Mutations

You are immune to sickness and miasma.
Your stone body is resilient. (AC +8)
You are immune to poison.
You resist negative energy. (rN+)
You are resistant to electric shocks. (rElec)
You are resistant to unholy torment.
You are immune to petrification.
You have large cloven feet.


   Skills:
 - Level 10.2(15.2) Fighting
 + Level 14.2(19.2) Ranged Weapons
 - Level 2.1(7.1) Armour
 - Level 4.3(9.3) Dodging
 - Level 1.1(6.1) Stealth
 - Level 4.4 Invocations


You had 10 spell levels left.
You didn't know any spells.
Your spell library was empty.

Inventory:

Hand Weapons
 Y - a +2 orcbow (weapon)
Armour
 g - a +1 cloak (worn)
 p - a +2 leather armour of positive energy (worn)
Jewellery
 a - a +6 ring of strength (right hand)
 c - the ring of Neemigiy {rElec rPois rCorr EV+5 Int-5}
   (You found it on level 1 of the Lair of Beasts)

   [ring of evasion]

   EV+5:      It affects your evasion (+5).
   Int-5:     It affects your intelligence (-5).
   rElec:     It insulates you from electricity.
   rPois:     It protects you from poison rCorr: It protects you from acid and
   corrosion.
 k - a ring of positive energy (left hand)
 l - a ring of ice
Scrolls
 m - a scroll of identify
Potions
 b - 2 potions of might
 d - a potion of curing
 h - a potion of enlightenment
 i - a potion of haste
 n - a potion of mutation

Dungeon Overview and Level Annotations

Branches:
Dungeon (9/15)             Temple (1/1) D:5            Lair (1/5) D:9
    Orc: D:9-12

Altars:
Ashenzari
Cheibriados
Dithmenos
Elyvilon
Fedhas
Gozag
Hepliaklqana
Kikubaaqudgha
Makhleb
Nemelex Xobeh
Okawaru
Qazlal
Ru
Sif Muna
Trog
Uskayaw
Vehumet
Wu Jian
Xom
Yredelemnul
Zin
The Shining One

Shops:
D:7 *   D:9 *

Annotations:
D:9 2 transporters


Message History

The komodo dragon hisses angrily.
You shoot an arrow.
The arrow barely misses the komodo dragon.
You shoot an arrow.
The arrow hits the komodo dragon but does no damage.
You shoot an arrow. The arrow hits the komodo dragon.
The komodo dragon is lightly wounded.
You shoot an arrow.
The arrow hits the komodo dragon but does no damage.
The komodo dragon is lightly wounded.
The komodo dragon bites you!!
You shoot an arrow.
The arrow hits the komodo dragon but does no damage.
The komodo dragon is lightly wounded.
The komodo dragon bites you!!
You shoot an arrow.
The arrow hits the komodo dragon but does no damage.
The komodo dragon is lightly wounded.
You shoot an arrow.
The arrow barely misses the komodo dragon.
The komodo dragon barely misses you.
You shoot an arrow.
The arrow barely misses the komodo dragon.
The komodo dragon bites you!!
You shoot an arrow.
The arrow hits the komodo dragon but does no damage.
The komodo dragon is lightly wounded.
The komodo dragon misses you.
You shoot an arrow.
The arrow closely misses the komodo dragon.
You shoot an arrow. The arrow hits the komodo dragon!
The komodo dragon is moderately wounded.
The komodo dragon closely misses you.
You shoot an arrow. The arrow hits the komodo dragon.
The komodo dragon is moderately wounded.
The komodo dragon misses you.
You shoot an arrow. The arrow hits the komodo dragon.
The komodo dragon is moderately wounded.
The komodo dragon bites you!
You die...

.....#.#...#.#
######.....#.# ###
..###..#.8...###.##
...#.!.#.....#....#
.....#.#...#.#....#
..#####.....#.....#
..# ##..+.#.....## ..#
#^#.........# .##
#.......l@.## .#
#.###.##+.## .# ###
##.#.## .## ### ##..#
PP###.### #.##
......#.######'#######
#.....##.............#
......##.............#
#.......%............#


You could see a komodo dragon.

Vanquished Creatures
  A two-headed ogre (D:9)
  A black mamba (Lair:1)
  4 cane toads (Lair:1)
  An unseen horror (D:9)
  A gargoyle (D:9)
  2 rime drakes (Lair:1)
  Sigmund (D:4)
  A wyvern (D:9)
  12 yaks
  4 basilisks
  A steam dragon (D:7)
  4 water moccasins
  2 sky beasts (D:8)
  A black bear (D:5)
  An orc warrior (D:9)
  4 ogres
  2 ice beasts
  5 centaurs
  A kobold brigand (D:8)
  3 phantoms
  6 bullfrogs
  5 scorpions
  4 wights (D:8)
  2 electric eels (D:7)
  5 howler monkeys
  2 jellies (D:6)
  3 gnoll boudas
  5 hounds
  An orc priest (D:8)
  2 sleepcaps (D:6)
  7 orc wizards
  Ijyb (D:3)
  3 iguanas
  17 gnolls
  10 adders
  A river rat (D:5)
  4 shadow imps
  3 white imps (D:6)
  2 worms
  10 orcs
  6 ball pythons
  8 endoplasms
  2 giant cockroaches
  12 goblins
  4 hobgoblins
  12 quokkas
  6 bats
  4 frilled lizards
  13 kobolds
  8 rats
220 creatures vanquished.

Notes
Turn   | Place    | Note
-------+----------+-------------------------------------------
     0 | D:1      | qw the Gargoyle Hunter began the quest for the Orb.
     0 | D:1      | Reached XP level 1. HP: 12/12 MP: 1/1
     0 | D:1      | 0 ||| qw: Version: 0.3-a-76-g4403597
     0 | D:1      | 0 ||| qw: Game counter: 21
     0 | D:1      | 0 ||| qw: Melee chars always use a shield: true
     0 | D:1      | 0 ||| qw: God list: Okawaru
     0 | D:1      | 0 ||| qw: Allow faded altars: false
     0 | D:1      | 0 ||| qw: Do Orc after clearing Dungeon:15 true
     0 | D:1      | 0 ||| qw: Do second Lair branch before Depths: true
     0 | D:1      | 0 ||| qw: Lair rune preference: random
     0 | D:1      | 0 ||| qw: Goals: Normal
     0 | D:1      | 0 ||| PLANNING D:1-11
    94 | D:1      | Reached XP level 2. HP: 17/17 MP: 2/2
   502 | D:1      | Reached XP level 3. HP: 21/21 MP: 3/3
   559 | D:1      | Reached skill level 5 in Ranged Weapons
   778 | D:1      | Found a faded altar of an unknown god.
   793 | D:1      | 793 ||| UPGRADING to +1 cloak.
   798 | D:1      | 798 ||| UPGRADING to ring of positive energy.
   799 | D:1      | 799 ||| READING scroll labelled PONGIA UZYOCI.
   800 | D:1      | 800 ||| READING scroll labelled GYUJAD NALAUSK.
   901 | D:1      | 901 ||| DRINKING 2 black potions.
   902 | D:1      | 902 ||| DROPPING scroll of butterflies.
  1305 | D:2      | Reached skill level 3 in Fighting
  1318 | D:2      | Reached XP level 4. HP: 28/28 MP: 4/4
  1412 | D:2      | 1412 ||| DROPPING scarf of invisibility.
  1413 | D:2      | 1413 ||| READING scroll labelled EHEIGEQULO.
  1414 | D:2      | 1414 ||| READING scroll labelled SUIVEU EL KIRPH.
  1419 | D:2      | 1419 ||| READING scroll labelled RINAOV WYSEL.
  1438 | D:2      | 1438 ||| READING 2 scrolls labelled SEURABB VIRIF.
  1590 | D:3      | Noticed Ijyb
  1599 | D:3      | HP: 6/28 [ball python (2)]
  1600 | D:3      | 1600 ||| READING scroll of teleportation.
  1602 | D:3      | Killed Ijyb
  1702 | D:3      | 1702 ||| RETREATING.
  1705 | D:3      | Reached XP level 5. HP: 32/32 MP: 5/5
  1716 | D:3      | Reached skill level 6 in Ranged Weapons
  1951 | D:3      | Reached skill level 1 in Armour
  2107 | D:3      | 2107 ||| UPGRADING to +2 leather armour of positive energy.
  2117 | D:3      | 2117 ||| DROPPING +0 leather armour.
  2118 | D:3      | 2118 ||| READING 3 scrolls labelled GEKHLU XEAMACLY.
  2119 | D:3      | 2119 ||| READING 2 scrolls labelled FOOSAI MIULY.
  2120 | D:3      | 2120 ||| READING scroll labelled LUOB ZORAKKUOME.
  2121 | D:3      | 2121 ||| READING scroll labelled ASYPNE CYSOHI.
  2122 | D:3      | 2122 ||| DRINKING 2 viscous golden potions.
  2123 | D:3      | 2123 ||| DRINKING 2 coppery potions.
  2123 | D:3      | Gained mutation: You have large cloven feet. [potion of
                  | mutation]
  2124 | D:3      | 2124 ||| DROPPING 2 scrolls of revelation.
  2125 | D:3      | 2125 ||| DROPPING scroll of noise.
  2126 | D:3      | 2126 ||| DROPPING potion of magic.
  2200 | D:4      | Noticed a centaur
  2205 | D:4      | Killed a centaur
  2206 | D:4      | Reached XP level 6. HP: 13/39 MP: 6/6
  2503 | D:4      | Reached skill level 7 in Ranged Weapons
  2529 | D:4      | Reached XP level 7. HP: 42/44 MP: 7/7
  2557 | D:4      | Noticed Sigmund
  2562 | D:4      | Killed Sigmund
  2577 | D:4      | Found a shimmering altar of Xom.
  2745 | D:4      | Reached skill level 8 in Ranged Weapons
  2802 | D:4      | 2802 ||| UPGRADING to +6 ring of strength.
  2803 | D:4      | 2803 ||| READING 2 scrolls of identify.
  2803 | D:4      | 2803 ||| IDENTIFYING bubbling amethyst potion
  2804 | D:4      | 2804 ||| DROPPING potion of brilliance.
  2831 | D:5      | Entered Level 5 of the Dungeon
  2832 | D:5      | 2832 ||| PLANNING SEWER
  2861 | D:5      | Reached XP level 8. HP: 51/51 MP: 8/8
  3155 | D:5      | 3155 ||| SWAPPING to +0 orcbow.
  3156 | D:5      | 3156 ||| DROPPING +1 shortbow of freezing.
  3173 | D:5      | Found a staircase to the Ecumenical Temple.
  3174 | D:5      | 3174 ||| READING scroll labelled NAKKYO MUGHUTT.
  3175 | D:5      | 3175 ||| READING scroll labelled HISHRA FEEPH.
  3212 | D:5      | Reached skill level 9 in Ranged Weapons
  3245 | D:5      | Noticed a +0 short sword
  3245 | D:5      | Noticed a +0 spear
  3246 | D:5      | Noticed a +0 dagger
  3246 | D:5      | Noticed a +0 spear
  3247 | D:5      | Noticed a +0 falchion
  3247 | D:5      | Noticed a +0 dagger
  3247 | D:5      | Noticed a +0 short sword
  3248 | D:5      | Noticed a +0 falchion
  3253 | D:5      | Reached skill level 6 in Fighting
  3347 | D:5      | Found a hide-covered altar of Uskayaw.
  3599 | D:5      | 3599 ||| RIP SEWER
  3604 | D:5      | 3604 ||| PLANNING TEMPLE
  3627 | D:5      | 3627 ||| READING scroll labelled PUILLU MYXAIKU.
  3628 | D:5      | 3628 ||| DRINKING 2 lumpy pink potions.
  3629 | D:5      | 3629 ||| DRINKING 2 potions of curing.
  3629 | D:5      | 3629 ||| (to cure confusion)
  3630 | D:5      | 3630 ||| DROPPING potion of ambrosia.
  3685 | Temple   | Entered the Ecumenical Temple
  3686 | Temple   | 3686 ||| PLANNING OKAWARU WORSHIP
  3712 | Temple   | Became a worshipper of Warmaster Okawaru
  3713 | Temple   | 3713 ||| PLANNING D:1-11
  3994 | D:6      | HP: 11/51 [centaur/arrow (5)]
  3997 | D:6      | Reached skill level 10 in Ranged Weapons
  4229 | D:6      | 4229 ||| FLEEEEING.
  4230 | D:6      | 4230 ||| FLEEEEING.
  4231 | D:6      | 4231 ||| FLEEEEING.
  4232 | D:6      | 4232 ||| FLEEEEING.
  4233 | D:6      | 4233 ||| FLEEEEING.
  4234 | D:6      | 4234 ||| FLEEEEING.
  4235 | D:6      | 4235 ||| FLEEEEING.
  4236 | D:6      | 4236 ||| FLEEEEING.
  4237 | D:6      | 4237 ||| FLEEEEING.
  4238 | D:6      | 4238 ||| FLEEEEING.
  4239 | D:6      | 4239 ||| FLEEEEING.
  4240 | D:6      | 4240 ||| FLEEEEING.
  4242 | D:6      | 4242 ||| FLEEEEING.
  4243 | D:6      | 4243 ||| FLEEEEING.
  4244 | D:6      | 4244 ||| FLEEEEING.
  4245 | D:6      | 4245 ||| FLEEEEING.
  4246 | D:6      | 4246 ||| FLEEEEING.
  4247 | D:6      | 4247 ||| FLEEEEING.
  4248 | D:6      | 4248 ||| FLEEEEING.
  4249 | D:6      | 4249 ||| FLEEEEING.
  4250 | D:6      | 4250 ||| FLEEEEING.
  4251 | D:6      | 4251 ||| FLEEEEING.
  4252 | D:6      | 4252 ||| FLEEEEING.
  4253 | D:6      | 4253 ||| FLEEEEING.
  4254 | D:6      | 4254 ||| FLEEEEING.
  4255 | D:6      | 4255 ||| FLEEEEING.
  4256 | D:6      | 4256 ||| FLEEEEING.
  4257 | D:6      | 4257 ||| FLEEEEING.
  4258 | D:6      | 4258 ||| FLEEEEING.
  4259 | D:6      | 4259 ||| FLEEEEING.
  4260 | D:6      | 4260 ||| FLEEEEING.
  4261 | D:6      | 4261 ||| FLEEEEING.
  4262 | D:6      | 4262 ||| FLEEEEING.
  4263 | D:6      | 4263 ||| FLEEEEING.
  4264 | D:6      | 4264 ||| FLEEEEING.
  4266 | D:6      | 4266 ||| FLEEEEING.
  4267 | D:6      | 4267 ||| FLEEEEING.
  4268 | D:6      | 4268 ||| FLEEEEING.
  4269 | D:6      | 4269 ||| FLEEEEING.
  4270 | D:6      | 4270 ||| FLEEEEING.
  4271 | D:6      | 4271 ||| FLEEEEING.
  4272 | D:6      | 4272 ||| FLEEEEING.
  4273 | D:6      | 4273 ||| FLEEEEING.
  4274 | D:6      | 4274 ||| FLEEEEING.
  4275 | D:6      | 4275 ||| FLEEEEING.
  4276 | D:6      | 4276 ||| FLEEEEING.
  4277 | D:6      | 4277 ||| FLEEEEING.
  4280 | D:6      | 4280 ||| FLEEEEING.
  4281 | D:6      | 4281 ||| FLEEEEING.
  4282 | D:6      | 4282 ||| FLEEEEING.
  4284 | D:6      | 4284 ||| FLEEEEING.
  4285 | D:6      | 4285 ||| FLEEEEING.
  4286 | D:6      | 4286 ||| FLEEEEING.
  4287 | D:6      | 4287 ||| FLEEEEING.
  4288 | D:6      | 4288 ||| STAIRDANCE
  4320 | D:5      | 4320 ||| DRINKING 2 grey potions.
  4327 | D:6      | Reached XP level 9. HP: 47/56 MP: 9/9
  4327 | D:6      | 4327 ||| STAIRDANCE
  4555 | D:6      | Reached * piety under Okawaru
  4556 | D:6      | Reached skill level 3 in Dodging
  4556 | D:6      | 4556 ||| INVOKING Heroism.
  4656 | D:6      | 4656 ||| READING scroll of enchant weapon.
  4656 | D:6      | 4656 ||| ENCHANTING +0 orcbow.
  4864 | D:6      | Reached skill level 1 in Invocations
  5055 | D:6      | 5055 ||| DRINKING 2 red potions.
  5056 | D:6      | 5056 ||| DROPPING potion of attraction.
  5078 | D:7      | 5078 ||| STAIRDANCE
  5139 | D:7      | Found Pokkulub's CLEARANCE SALE!.
  5153 | D:7      | 5153 ||| INVOKING Heroism.
  5321 | D:7      | 5321 ||| INVOKING Heroism.
  5370 | D:7      | 5370 ||| INVOKING Heroism.
  5371 | D:7      | 5371 ||| Stepping ~*~*~tactically~*~*~ (outnumbered).
  5372 | D:7      | 5372 ||| Stepping ~*~*~tactically~*~*~ (outnumbered).
  5381 | D:7      | 5381 ||| Stepping ~*~*~tactically~*~*~ (outnumbered).
  5382 | D:7      | 5382 ||| Stepping ~*~*~tactically~*~*~ (outnumbered).
  5385 | D:7      | 5385 ||| Stepping ~*~*~tactically~*~*~ (outnumbered).
  5387 | D:7      | Reached skill level 3 in Invocations
  5477 | D:7      | Found a shimmering blue altar of Sif Muna.
  5884 | D:7      | 5884 ||| INVOKING Heroism.
  5887 | D:7      | Reached skill level 11 in Ranged Weapons
  5968 | D:8      | 5968 ||| RETREATING.
  5970 | D:8      | 5970 ||| STAIRDANCE
  5972 | D:8      | 5972 ||| STAIRDANCE
  5974 | D:8      | 5974 ||| STAIRDANCE
  5978 | D:7      | 5978 ||| INVOKING Heroism.
  6078 | D:8      | 6078 ||| STAIRDANCE
  6081 | D:7      | 6081 ||| INVOKING Heroism.
  6092 | D:7      | HP: 12/57 [orc/+0 falchion (3)]
  6093 | D:7      | 6093 ||| DRINKING 2 potions of heal wounds.
  6103 | D:7      | Reached XP level 10. HP: 42/64 MP: 13/13
  6179 | D:8      | 6179 ||| STAIRDANCE
  6184 | D:7      | 6184 ||| DRINKING 2 potions of curing.
  6184 | D:7      | 6184 ||| (to cure confusion)
  6267 | D:8      | Found a glowing golden altar of the Shining One.
  6332 | D:8      | Reached ** piety under Okawaru
  6362 | D:8      | Reached skill level 12 in Ranged Weapons
  6466 | D:8      | 6466 ||| Stepping ~*~*~tactically~*~*~ (outnumbered).
  6468 | D:8      | 6468 ||| Stepping ~*~*~tactically~*~*~ (outnumbered).
  6473 | D:8      | 6473 ||| Stepping ~*~*~tactically~*~*~ (outnumbered).
  6588 | D:8      | 6588 ||| READING scroll of enchant weapon.
  6588 | D:8      | 6588 ||| ENCHANTING +1 orcbow.
  7187 | D:8      | 7187 ||| READING scroll labelled VOERILU TUJE.
  7188 | D:8      | 7188 ||| DRINKING 2 yellow potions.
  7189 | D:8      | 7189 ||| DRINKING 2 clear potions.
  7190 | D:8      | 7190 ||| READING 2 scrolls of identify.
  7190 | D:8      | 7190 ||| IDENTIFYING sedimented coppery potion
  7191 | D:8      | 7191 ||| DROPPING potion of invisibility.
  7221 | D:9      | 7221 ||| FLEEEEING.
  7222 | D:9      | 7222 ||| STAIRDANCE
  7271 | D:9      | 7271 ||| RETREATING.
  7274 | D:9      | 7274 ||| Stepping ~*~*~tactically~*~*~ (outnumbered).
  7282 | D:9      | 7282 ||| Stepping ~*~*~tactically~*~*~ (retreating).
  7283 | D:9      | 7283 ||| INVOKING Heroism.
  7290 | D:9      | Killed an unseen horror
  7474 | D:9      | 7474 ||| INVOKING Heroism.
  7480 | D:9      | 7480 ||| Stepping ~*~*~tactically~*~*~ (outnumbered).
  7483 | D:9      | 7483 ||| Stepping ~*~*~tactically~*~*~ (outnumbered).
  7484 | D:9      | 7484 ||| Stepping ~*~*~tactically~*~*~ (outnumbered).
  7502 | D:9      | 7502 ||| INVOKING Heroism.
  7648 | D:9      | Found Ybome's General Store.
  7650 | D:9      | Found a staircase to the Lair.
  7658 | D:9      | Noticed a gargoyle
  7665 | D:9      | 7665 ||| INVOKING Heroism.
  7669 | D:9      | Killed a gargoyle
  7670 | D:9      | Reached skill level 13 in Ranged Weapons
  7701 | D:9      | 7701 ||| FLEEEEING.
  7717 | D:9      | Noticed a two-headed ogre
  7718 | D:9      | 7718 ||| FLEEEEING.
  7722 | D:9      | 7722 ||| STAIRDANCE
  7795 | D:9      | 7795 ||| INVOKING Heroism.
  7808 | D:9      | Killed a two-headed ogre
  7808 | D:9      | Reached *** piety under Okawaru
  7809 | D:9      | Reached skill level 9 in Fighting
  7814 | D:9      | 7814 ||| STAIRDANCE
  7920 | D:9      | 7920 ||| BUYING potion of might (48 gold).
  7920 | D:9      | Bought a potion of might for 48 gold pieces
  7920 | D:9      | 7920 ||| BUYING scroll of identify (24 gold).
  7920 | D:9      | Bought a scroll of identify for 24 gold pieces
  7981 | D:9      | Found a transporter.
  7986 | D:9      | Found a transporter.
  7994 | D:9      | Identified the +1 dagger "Uqits" {heavy, Str+2}
  8232 | D:9      | Found a snail-covered altar of Cheibriados.
  8303 | D:9      | 8303 ||| PLANNING LAIR
  8303 | D:9      | 8303 ||| READING 3 scrolls of identify.
  8303 | D:9      | 8303 ||| IDENTIFYING bubbling emerald potion
  8304 | D:9      | 8304 ||| READING 2 scrolls of identify.
  8304 | D:9      | 8304 ||| IDENTIFYING dark potion
  8305 | D:9      | 8305 ||| DROPPING potion of berserk rage.
  8328 | Lair:1   | Entered Level 1 of the Lair of Beasts
  8368 | Lair:1   | Identified the ring of Neemigiy {rElec rPois rCorr EV+5
                  | Int-5}
  8388 | Lair:1   | Noticed a cane toad
  8389 | Lair:1   | 8389 ||| INVOKING Heroism.
  8400 | Lair:1   | Killed a cane toad
  8401 | Lair:1   | Reached XP level 11. HP: 44/71 MP: 12/14
  8421 | Lair:1   | 8421 ||| FLEEEEING.
  8512 | Lair:1   | 8512 ||| INVOKING Heroism.
  8921 | Lair:1   | Reached skill level 14 in Ranged Weapons
  9013 | Lair:1   | 9013 ||| INVOKING Heroism.
  9014 | Lair:1   | 9014 ||| RETREATING.
  9034 | Lair:1   | 9034 ||| INVOKING Heroism.
  9187 | Lair:1   | 9187 ||| RETREATING.
  9192 | Lair:1   | 9192 ||| Stepping ~*~*~tactically~*~*~ (retreating).
  9193 | Lair:1   | 9193 ||| Stepping ~*~*~tactically~*~*~ (retreating).
  9194 | Lair:1   | 9194 ||| Stepping ~*~*~tactically~*~*~ (retreating).
  9197 | Lair:1   | 9197 ||| INVOKING Heroism.
  9201 | Lair:1   | 9201 ||| Stepping ~*~*~tactically~*~*~ (retreating).
  9202 | Lair:1   | 9202 ||| Stepping ~*~*~tactically~*~*~ (retreating).
  9210 | Lair:1   | 9210 ||| Stepping ~*~*~tactically~*~*~ (retreating).
  9234 | Lair:1   | Reached **** piety under Okawaru
  9235 | Lair:1   | 9235 ||| INVOKING Heroism.
  9241 | Lair:1   | HP: 11/72 [basilisk (10)]
  9242 | Lair:1   | 9242 ||| READING scroll of teleportation.
  9243 | Lair:1   | 9243 ||| DRINKING potion of heal wounds.
  9497 | Lair:1   | 9497 ||| INVOKING Heroism.
  9505 | Lair:1   | HP: 13/72 [komodo dragon (22)]
  9510 | Lair:1   | Slain by a komodo dragon

Levels and vault maps discovered:
D:1:      wander_arrival_lonely_grave, layout_basic,
          dreamdust_ecumenical_altar_angels_and_demons
D:2:      layout_loops_cross
D:3:      layout_rooms, uniq_ijyb
D:4:      layout_rooms, lemuel_coloured_pillars_altar, dk_noncrumbling_2,
          chequers_serial_rivers_micro_b, amethyst_killhole, st_stairs_14,
          uniq_sigmund
D:5:      layout_loops_cross, nicolae_uskayaw_en_pointe,
          minmay_temple_entry_glassed_door, gup_sewer_entry_bowl,
          kennysheep_generic_room_5
D:6:      layout_basic, hangedman_decor_lopped
D:7:      layout_loops_cross, led_sif_book, minivault_4, grunt_ministairs_5,
          minmay_misc_feat_cross, nicolae_shop_clearance
D:8:      layout_gridville, mainiacjoe_overflow_concentric_impassable,
          abandoned_shop
D:9:      layout_rooms, slow_altar_1, david_lair_generic, gammafunk_ghost_hive,
          serial_shops, shop
Temple:   bh_familiar_temple
Lair:1:   layout_roguey, st_stairs_4, grunt_megastairs_1,
          infiniplex_staircase_pool_2, serial_bayou_shore_b

Skill      XL: |  1  2  3  4  5  6  7  8  9 10 11 |
---------------+----------------------------------+-----
Ranged Weapons | 5 6 7 8 10 11 13 14 | 14.2
Fighting       | 3 4 5 6 8 9 10 | 10.2
Armour         | 1 2 |  2.1
Dodging        | 2 3 4 |  4.3
Invocations    | 4 |  4.4
Stealth        | |  1.1

Action                     |  1- 3 |  4- 6 |  7- 9 | 10-12 || total
---------------------------+-------+-------+-------+-------++-------
   Fire: Shortbow          |   101 |   147 |    75 |       ||   323
         Orcbow            |       |       |   315 |   390 ||   705
 Invoke: Heroism           |       |       |     7 |    12 ||    19
    Use: Scroll            |     2 |     9 |     5 |     6 ||    22
         Potion            |     1 |     2 |     5 |     4 ||    12
 Armour: Leather armour    |    11 |    37 |   179 |   136 ||   363
  Dodge: Dodged            |    21 |    36 |   180 |   131 ||   368

Table legend:
 A = Non-vault XP
 B = Vault XP
 C = Vault XP percentage of total XP
 D = Non-vault monster count
 E = Vault monster count
 F = Vault count percentage of total count
                 A         B        C        D         E       F
            +---------+---------+-------+---------+---------+-------
      Total |   10679 |    3655 |  25.5 |     194 |      26 |  11.8
            +---------+---------+-------+---------+---------+-------
        D:1 |      42 |       0 |   0.0 |      28 |       0 |   0.0
        D:2 |      53 |       0 |   0.0 |      16 |       0 |   0.0
        D:3 |     127 |      36 |  22.1 |      23 |       1 |   4.2
        D:4 |     511 |     307 |  37.5 |      27 |       3 |  10.0
        D:5 |     756 |      95 |  11.2 |      14 |       5 |  26.3
        D:6 |    1072 |       0 |   0.0 |      18 |       0 |   0.0
        D:7 |    1529 |     212 |  12.2 |      19 |       4 |  17.4
        D:8 |    1198 |       0 |   0.0 |      18 |       0 |   0.0
        D:9 |    2278 |     820 |  26.5 |      18 |       5 |  21.7
     Lair:1 |    3113 |    2185 |  41.2 |      13 |       8 |  38.1
            +---------+---------+-------+---------+---------+-------
